Cogmind - Beta 10.1 @@@ ROGUE MODE // 2020.10.19 @ 22:37:03 Player: Boris Result: Destroyed by G-50 Soldier with Heavy Laser Performance ------------- Evolutions (5) 2500 Regions Visited (24) 4800 Robots Destroyed (387) 1935 Value Destroyed (15594) 15594 Prototype IDs (43) 860 Alien Tech Used (0) 0 Bonus (1857) 1857 TOTAL SCORE: 27546 Bonus ------- High Alert Combat Kills 1012 Follower Combat Kills 1757 Entered Garrisons 600 Used RIF Installer 1000 Network Hubs Disabled 200 Aligned with FarCom 300 Met Data Miner 300 Met R17 at Cetus 500 Friendly Fire -3812 Cogmind --------- Core Integrity 0/1000 Matter 175/300 Energy 11/100 System Corruption 3% Temperature Cool (10) Movement Flying (35) Location -5/Factory Parts ------- > --- POWER (2) -------- (None) > --- PROPULSION (4) --- Cooled Cesium-ion Thruster > --- UTILITY (8) ------ Long-range Sensor Array System Shield > --- WEAPON (3) ------- (None) > --- INVENTORY (4) ---- Relay Coupler [NC] (24) YOLO Cannon Peak State ------------ > --- POWER ------------ Quantum Reactor > --- PROPULSION ------- Improved Treads Centrium Heavy Treads > --- UTILITY ---------- Large Storage Unit High-capacity Storage Unit High-capacity Storage Unit Improved Signal Interpreter Centrium Medium Armor Plating Centrium Medium Armor Plating Improved Hacking Suite Improved System Shield > --- WEAPON ----------- Improved KE Penetrator Improved KE Penetrator Improved KE Penetrator > --- INVENTORY -------- Quantum Reactor Centrium Heavy Treads High-capacity Matter Pod Experimental Sensor Array Centrium Medium Armor Plating EM Shield Improved Hacking Suite Advanced Hacking Suite Improved System Shield Advanced System Shield Relay Coupler [Grunt] Relay Coupler [Specialist] Relay Coupler [Behemoth] Heavy Plasma Cannon Neutron Cannon YOLO Cannon Gauss Rifle Hypervelocity Gauss Rifle Improved KE Penetrator Heavy Missile Launcher Advanced Datajack Power Sword Dirty Bomb Trap Dirty Bomb Trap [Rating: 101] Favorites ----------- Power Reinforced Deuterium Engine Engine Reinforced Deuterium Engine Power Core Light Nuclear Core Reactor Quantum Reactor Propulsion Light Treads Treads Light Treads Hover Unit Antigrav Array Flight Unit Q-thruster Utility High-capacity Storage Unit Device Experimental Sensor Array Storage High-capacity Storage Unit Processor Advanced Signal Interpreter Hackware Hacking Suite Protection Improved Light Armor Plating Weapon Flak Gun Energy Gun High-powered Shock Rifle Energy Cannon EM Pulse Cannon Ballistic Gun Flak Gun Ballistic Cannon Bore Cannon Launcher EMP Blaster Special Weapon Remote Datajack Slashing Weapon Chainsword Special Melee Weapon Improved Datajack Build | -11 -10 -10 -9 -9 -9 -8 -8 -8 -8 -7 -7 -7 -7 -7 -7 -6 -6 -6 -6 -6 -6 -5 -5 -5 ------- Run | Scr Mat Min Mat Min Exi Min Mat Gar Mat Fac Gar Fac Low Low Dat Pro Fac Ext Cet Arc Hub Fac Gar Fac Slots Evolved 10 | . . . 2 . . . 2 . . 2 . . . . . . 2 . . . . 2 . . Power 1 | . . . . . . . . . . . . . . . . . . . . . . 1 . . Propulsion 2 | . . . . . . . 1 . . . . . . . . . . . . . . 1 . . Utility 6 | . . . 1 . . . 1 . . 2 . . . . . . 2 . . . . . . . Weapon 1 | . . . 1 . . . . . . . . . . . . . . . . . . . . . Parts Attached 502 | 6 14 10 17 11 2 8 24 27 39 4 48 87 12 18 3 7 44 34 20 11 17 31 3 5 Power 24 | 1 1 3 3 . . . . 4 1 . . 1 . 1 . 1 3 . 2 . 1 2 . . Engine 20 | 1 1 3 3 . . . . 3 1 . . 1 . 1 . 1 3 . 1 . . 1 . . Core 1 | . . . . . . . . 1 . . . . . . . . . . . . . . . . Reactor 3 | . . . . . . . . . . . . . . . . . . . 1 . 1 1 . . Propulsion 75 | 2 1 2 4 2 . . 9 5 5 . 6 7 . 2 . . 8 7 2 1 1 9 . 2 Treads 63 | 2 1 2 4 2 . . 9 5 5 . 6 7 . 2 . . 8 6 2 1 1 . . . Leg . | . . . . . . . . . . . . . . . . . . . . . . . . . Wheel . | . . . . . . . . . . . . . . . . . . . . . . . . . Hover 1 | . . . . . . . . . . . . . . . . . . 1 . . . . . . Flight 11 | . . . . . . . . . . . . . . . . . . . . . . 9 . 2 Utility 172 | 1 3 . 2 1 1 . 3 5 7 4 14 57 8 6 . 2 15 9 2 7 12 12 . 1 Device 68 | . . . . . . . . . . 3 3 28 4 3 . 1 6 4 1 3 6 5 . 1 Storage 13 | 1 3 . . . 1 . 1 1 1 . . 2 . . . . 1 1 . . . 1 . . Processor 5 | . . . . . . . . . . 1 . . . . . . 1 1 . . 1 1 . . Hackware 21 | . . . . . . . 1 1 3 . 3 2 1 . . . 3 . . 1 2 4 . . Protection 65 | . . . 2 1 . . 1 3 3 . 8 25 3 3 . 1 4 3 1 3 3 1 . . Artifact . | . . . . . . . . . . . . . . . . . . . . . . . . . Weapon 231 | 2 9 5 8 8 1 8 12 13 26 . 28 22 4 9 3 4 18 18 14 3 3 8 3 2 Energy Gun 19 | 1 4 1 . . . . . . 1 . 5 3 . . . . . 2 2 . . . . . Energy Cannon 14 | . . 1 1 . . . . 1 . . . . 1 1 . 1 2 1 2 . . 1 1 1 Ballistic Gun 102 | 1 2 3 7 4 1 4 7 7 12 . 8 9 . 4 3 2 12 2 6 3 2 3 . . Ballistic Cannon 7 | . . . . . . . . . . . . . . . . . . 7 . . . . . . Launcher 28 | . . . . 4 . 4 1 2 2 . 1 2 . 3 . 1 2 2 3 . 1 . . . Special Weapon 13 | . 3 . . . . . . . . . . 2 1 . . . 1 4 1 . . 1 . . Impact Weapon . | . . . . . . . . . . . . . . . . . . . . . . . . . Slashing Weapon 35 | . . . . . . . 4 2 6 . 7 6 2 1 . . 1 . . . . 3 2 1 Piercing Weapon . | . . . . . . . . . . . . . . . . . . . . . . . . . Special Melee Weapon 13 | . . . . . . . . 1 5 . 7 . . . . . . . . . . . . . Unidentified Prototypes 10 | . . . 2 . . . . . 1 1 . 1 . . . . . 1 3 . . . . 1 Parts Lost 70 | . 2 9 1 1 . . . 4 4 . 2 1 . 4 . . 2 5 6 1 12 6 7 3 Power 10 | . . 3 . . . . . 2 . . . . . 1 . . . . 1 . 1 1 1 . Propulsion 18 | . . 2 . . . . . . 3 . 1 . . 2 . . 1 1 1 . 2 2 2 1 Utility 19 | . . . 1 1 . . . 1 . . . 1 . . . . . 2 . 1 5 2 4 1 Weapon 23 | . 2 4 . . . . . 1 1 . 1 . . 1 . . 1 2 4 . 4 1 . 1 Highest Loss Streak 8 | . 1 4 1 1 . . . 1 2 . 1 1 . 4 . . 2 3 3 1 8 2 7 1 Average Slot Usage (%) 94 | . 96 99 98 100 100 100 97 99 99 97 99 95 91 98 79 99 98 99 89 79 92 63 55 20 Engine 6 | . 14 13 10 11 11 11 9 5 9 7 7 6 7 6 7 7 5 6 4 . . 3 3 . Treads 21 | . 28 28 21 22 22 22 25 27 26 23 22 22 23 21 23 23 19 19 11 12 12 . . . Device 2 | . . . . . . . . . . 5 . 5 6 6 7 5 4 5 5 5 3 11 4 2 Storage 21 | . 24 28 22 22 22 22 18 19 27 23 23 23 23 23 23 23 20 20 20 20 19 1 . . Processor 3 | . . . . . . . . . . 5 7 7 7 7 7 7 6 . 6 6 5 3 5 3 Hackware 7 | . . . . . . . 8 9 4 . 3 . 6 7 7 7 19 20 17 13 15 14 20 5 Protection 6 | . . . 10 11 11 11 9 7 4 7 10 8 . . . . 1 5 2 6 6 . . . Energy Gun 1 | . 7 . . . . . . . . . 7 5 6 . . . . 1 . . . . . . Ballistic Gun 15 | . 18 20 32 32 33 31 25 14 23 15 10 8 . 15 2 21 19 2 7 6 19 3 . . Slashing Weapon 1 | . . . . . . . . 5 3 7 2 3 5 4 . . . . . . . 3 11 . Naked Turns 16 | . . . . . . . . . . . . . . . . . . . . . 8 8 . . Heaviest Build 132 | 12 40 41 58 57 71 72 88 105 115 114 123 117 110 120 103 118 115 131 127 132 127 41 15 2 Greatest Support 110 | 40 40 40 40 40 40 40 60 70 72 60 60 76 76 80 80 80 90 90 110 103 103 44 22 17 Greatest Overweight (x) 5 | . . 1 1 1 1 1 1 1 2 1 2 1 1 5 1 1 1 4 1 1 1 . 2 . Average Overweight (x) . | . . . . 1 1 1 1 1 1 1 1 1 1 1 1 1 1 1 1 1 . . . . Largest Inventory Capacity 26 | 6 16 16 16 16 18 18 20 26 26 26 26 26 26 26 26 26 26 26 26 26 26 4 4 4 Average Capacity 22 | 5 13 16 16 16 16 18 18 21 26 26 26 26 26 26 26 26 26 26 26 26 25 4 4 4 Most Carried 26 | 3 16 15 16 16 17 17 20 26 26 26 26 26 26 26 26 26 26 26 26 26 26 4 4 4 Average Carried 21 | 1 6 13 15 15 16 17 18 20 25 25 25 25 25 25 26 25 25 25 25 25 25 3 3 3 Final Capacity 26 | 6 16 16 16 16 18 18 20 26 26 26 26 26 26 26 26 26 26 26 26 26 4 4 4 4 Final Carried 26 | 3 15 14 16 16 17 17 20 26 26 26 26 26 26 26 26 25 24 26 24 26 4 4 4 3 Class Distribution -------------------- 23% | Bothacker-Mutant 13% | Scavenger-Mutant 10% | Bothacker-Skirmisher 10% | Tank 9% | Scavenger-Tank 6% | Mutant 6% | Hauler-Mutant 5% | Scavenger-Skirmisher 3% | Skirmisher 3% | Hauler-Skirmisher Dominant Class ---------------- Mutant | -10/Materials Mutant | -10/Mines Tank | -9/Materials Tank | -9/Mines Tank | -9/Exiles Skirmisher | -8/Mines Hauler-Skirmisher | -8/Materials Hauler-Mutant | -8/Garrison Bothacker-Skirmisher | -8/Materials Hauler-Mutant | -7/Factory Bothacker-Mutant | -7/Garrison Bothacker-Mutant | -7/Factory Bothacker-Mutant | -7/Lower Caves Bothacker-Mutant | -7/Lower Caves Bothacker-Mutant | -7/Data Miner Bothacker-Skirmisher | -6/Proximity Caves Bothacker-Skirmisher | -6/Factory Scavenger-Tank | -6/Extension Scavenger-Mutant | -6/Cetus Scavenger-Mutant | -6/Archives Scavenger-Tank | -6/Hub_04(d) Hacker-Mutant | -5/Factory Hacker-Mutant | -5/Garrison Mutant | -5/Factory Resources | -11 -10 -10 -9 -9 -9 -8 -8 -8 -8 -7 -7 -7 -7 -7 -7 -6 -6 -6 -6 -6 -6 -5 -5 -5 ----------- Run | Scr Mat Min Mat Min Exi Min Mat Gar Mat Fac Gar Fac Low Low Dat Pro Fac Ext Cet Arc Hub Fac Gar Fac Matter Collected 11933 | 219 237 184 531 277 . 203 819 484 970 . 1048 1457 257 339 . 413 636 1626 421 680 841 252 . 39 Remotely . | . . . . . . . . . . . . . . . . . . . . . . . . . Salvage Created 16465 | 19 636 378 1099 455 . 319 1347 1324 1564 . 770 1812 52 265 . 355 663 1531 867 582 1745 465 42 175 Parts 928 | 2 43 20 65 28 . 38 84 66 78 . 38 111 2 21 . 13 41 73 35 43 92 28 1 6 Haulers Intercepted 18 | . 2 . 4 . . . 4 . 1 . . 2 . . . . 2 2 . . 1 . . . Recyclers Shooed 8 | . . 1 5 . . . 1 . . . . . . . . . . 1 . . . . . . Parts Field Recycled . | . . . . . . . . . . . . . . . . . . . . . . . . . Retrieved Matter . | . . . . . . . . . . . . . . . . . . . . . . . . . Parts Self-Destructed 18 | . . . . . . . . . . . . . 2 9 . 7 . . . . . . . . Prevented 19 | . . . . . . . . . . . . . . 12 . 7 . . . . . . . . Kills | -11 -10 -10 -9 -9 -9 -8 -8 -8 -8 -7 -7 -7 -7 -7 -7 -6 -6 -6 -6 -6 -6 -5 -5 -5 ------- Run | Scr Mat Min Mat Min Exi Min Mat Gar Mat Fac Gar Fac Low Low Dat Pro Fac Ext Cet Arc Hub Fac Gar Fac Combat Hostiles Destroyed 282 | . 18 12 16 14 . 13 22 26 31 . 13 29 1 8 . 7 9 11 13 4 24 7 1 3 Melee 18 | . . . . . . . 2 2 5 . 2 2 . . . . . . . . 1 3 . 1 Guns 173 | . 18 6 16 8 . 1 18 3 20 . 10 26 1 2 . 5 5 2 3 4 23 2 . . Cannons 22 | . . 6 . . . . . 4 . . . . . . . . 1 7 2 . . 1 1 . AOE 52 | . . . . 6 . 12 2 10 6 . 1 . . 5 . 1 2 2 3 . . . . 2 Classes Destroyed 16 | 1 4 . 3 2 . 1 1 1 1 . 1 . 1 . . . . . . . . . . . Worker 16 | . . . . 1 . 2 . . 1 . . . . . . . 3 3 . . 4 2 . . Builder 17 | . . . . . . 3 1 . 3 . . 1 . . . . 1 3 . . 4 1 . . Tunneler 5 | 1 . . . 1 . . 1 . . . . . . . . . . 2 . . . . . . Hauler 18 | . 2 . 4 . . . 4 . 1 . . 2 . . . . 2 2 . . 1 . . . Recycler 11 | . . . 2 . . . 1 . 1 . . . . . . . . 5 . . 1 . . 1 Mechanic 1 | . . . . . . . . . 1 . . . . . . . . . . . . . . . Operator 12 | . . . . . . . 1 . 2 . . 1 . . . . . . . 8 . . . . Watcher 18 | . 1 . 2 . . . 3 . 1 . . 4 . . . . 1 . 1 . 2 2 . 1 Swarmer 63 | . 9 6 1 2 . 11 6 4 4 . 3 . . 4 . 3 . 1 3 . 5 . . 1 Grunt 124 | . 9 6 10 9 . 2 12 11 19 . 5 13 . 1 . 3 3 4 3 . 10 3 1 . Brawler 6 | . . . . 1 . . . 1 2 . . . . 1 . 1 . . . . . . . . Duelist 8 | . . . 1 2 . . . . 2 . . 1 . . . . . 1 . . . 1 . . Sentry 49 | . . . 4 . . . 5 9 5 . 6 8 . . . . . 2 . 4 6 . . . Hunter 10 | . . . . . . . . . . . . . 1 . . . 3 2 1 . 1 . . 2 Programmer 16 | . . . . . . . . . . . 1 7 . 1 . . 3 . . . 1 3 . . Behemoth 4 | . . . . . . . . 1 . . . . . 1 . . . 1 . . 1 . . . Cetus Guard 6 | . . . . . . . . . . . . . . . . . . . 6 . . . . . Thug 1 | . . . . . . . . . . . . . . . . . . 1 . . . . . . Butcher 1 | . . . . . . . . . . . . . . . . . . . 1 . . . . . Best Kill Streak 12 | 1 8 3 3 5 . 6 7 4 5 . 3 4 1 5 . 4 8 12 6 3 6 5 1 4 Combat Bots Only 8 | . 8 3 3 5 . 4 6 4 5 . 3 4 1 5 . 4 2 4 6 2 6 3 1 2 Max Kills in Single Turn 5 | 1 2 1 2 3 . 4 2 3 2 . 2 1 1 2 . 2 4 5 2 1 2 2 1 3 Gunslinging 1 | . 1 . . . . . . . 1 . 1 . . . . 1 . . . . . . . . Exploded 3 | . . . . 3 . 3 1 3 2 . 1 . . 2 . 1 1 1 2 . . . . 2 Melee 1 | . . . . . . . 1 1 1 . 1 1 . . . . . . . . 1 1 . 1 Uniques/NPCs Destroyed 1 | . . . . . . . . . . . . . . . . . . 1 . . . . . . A7 (-6/Extension) Combat | -11 -10 -10 -9 -9 -9 -8 -8 -8 -8 -7 -7 -7 -7 -7 -7 -6 -6 -6 -6 -6 -6 -5 -5 -5 -------- Run | Scr Mat Min Mat Min Exi Min Mat Gar Mat Fac Gar Fac Low Low Dat Pro Fac Ext Cet Arc Hub Fac Gar Fac Damage Taken 20031 | . 601 872 687 302 . 234 882 1093 1192 . 1422 1548 111 943 . 386 921 1258 2049 398 3101 747 862 422 Core 2667 | . 114 89 60 31 . 16 89 47 57 . 152 60 . 47 . 76 37 64 203 25 489 110 644 257 Absorbed by Shields 375 | . . . . . . . . . . . . . . . . . . 319 . . . . 56 . Reduced by Siege Mode 72 | . . . . . . . . . . . . . . . . . . . . 18 54 . . . Core Remaining (%) 51 | 100 . 18 . . . 73 . . 64 . . . . . . 52 . . . . 3 . . . Volleys Fired 823 | 7 79 40 63 17 . 17 65 77 48 . 49 48 3 22 . 21 25 97 35 40 47 21 1 1 Largest 3 | 1 2 2 3 3 . 3 3 3 3 . 3 3 1 2 . 3 3 3 3 3 3 2 1 1 Hottest 183 | 50 100 85 69 79 . 76 69 84 84 . 180 180 30 81 . 90 90 171 183 105 105 100 100 90 Shots Fired 1827 | 7 136 73 189 41 . 24 191 95 130 . 86 199 19 30 . 42 49 184 48 117 135 30 1 1 Gun 1440 | 7 124 54 189 36 . 10 189 27 123 . 81 191 16 13 . 33 40 24 7 117 135 24 . . Cannon 239 | . . 19 . . . . . 42 . . . . . 11 . 1 8 118 35 . . 3 1 1 Launcher 83 | . . . . 5 . 14 2 26 7 . 5 1 . 6 . 8 1 3 5 . . . . . Special 65 | . 12 . . . . . . . . . . 7 3 . . . . 39 1 . . 3 . . Kinetic 1387 | . 84 52 189 36 . 10 189 27 123 . 53 103 . 13 . 33 40 137 22 117 135 24 . . Thermal 220 | 7 52 21 . . . . . . . . . 77 16 . . 1 2 37 2 . . 3 1 1 Explosive 28 | . . . . 5 . 4 2 2 7 . . 1 . 6 . . . 1 . . . . . . Electromagnetic 171 | . . . . . . 10 . 66 . . 33 11 . 11 . 8 7 2 23 . . . . . Robot Hit Streak 39 | 2 22 15 23 10 . 7 28 32 14 . 39 30 13 16 . 11 12 13 9 16 24 17 2 . Robot Miss Streak 14 | 1 5 2 2 2 . 2 3 3 8 . 13 9 1 10 . 14 7 7 3 3 3 2 . . Penetration Max 2 | . . . . . . . . . . . . . . . . . . 2 1 1 1 1 . . Secondary Targets 11 | . 3 . 1 . . . 1 . 2 . 1 . . . . 1 . 1 . . 1 . . . Max Gunslinging Chain 1 | . 1 . 1 . . . 1 . 1 . 1 . . . . 1 . 1 . . 1 . . . Autonomous 93 | . . . . . . . . . . . . 77 16 . . . . . . . . . . . Shots Hit Robots 1388 | 4 77 56 148 27 . 10 136 79 140 . 70 179 20 18 . 33 40 104 35 73 98 37 3 1 Core Hits 864 | 1 35 26 49 20 . 23 59 47 123 . 56 110 5 18 . 29 50 68 19 25 67 16 2 16 Critical Hits 116 | . . 1 2 . . . 2 1 1 . . 2 . . . . . 50 8 16 28 5 . . Critical Kills 34 | . . . . . . . . 1 . . . . . . . . . 13 3 6 11 . . . Critical Parts Destroyed 68 | . . 1 2 . . . 1 . 1 . . 2 . . . . . 32 4 7 13 5 . . Melee Attacks 272 | . . . . . . . 11 79 34 3 52 41 8 1 . . 1 . . . . 35 3 4 Impact . | . . . . . . . . . . . . . . . . . . . . . . . . . Slashing 251 | . . . . . . . 11 77 23 3 44 41 8 1 . . 1 . . . . 35 3 4 Piercing . | . . . . . . . . . . . . . . . . . . . . . . . . . Sneak Attacks 23 | . . . . . . . 1 . 16 . 2 2 . . . . . . . . . 2 . . Combat Hostiles 3 | . . . . . . . . . 2 . 1 . . . . . . . . . . . . . Follow-up Attacks 1 | . . . . . . . . . . . . . . . . . . . . . . . 1 . Damage Inflicted 37213 | 52 719 697 1762 1036 . 972 2502 2408 3787 . 1697 4161 558 758 . 741 1520 3259 1479 1941 3926 2059 288 891 Guns 20262 | 50 715 375 1718 373 . 124 1996 366 1525 . 1110 3427 448 136 . 319 676 561 150 1927 3676 590 . . Cannons 4325 | . . 288 . . . . . 743 . . . . . 194 . . 144 1964 616 . . 240 136 . Explosions 8014 | . . . . 635 . 832 285 1233 856 . 109 . . 428 . 416 700 461 713 . 45 370 69 862 Melee 3816 | . . . . . . . 185 66 1347 . 478 659 110 . . . . . . . . 859 83 29 Ramming 546 | 2 4 34 44 28 . 16 36 . 59 . . 75 . . . 6 . 23 . 14 205 . . . Kinetic 19024 | . 357 342 1718 373 . 124 1996 366 1525 . 968 1247 . 136 . 319 676 2389 295 1927 3676 590 . . Thermal 5032 | 50 358 321 . . . 74 . 113 . . . 2025 448 . . 112 . 477 37 . . 610 205 202 Explosive 4088 | . . . . 635 . 432 285 217 856 . . . . 428 . . 659 63 . . . . . 513 Electromagnetic 4707 | . . . . . . 326 . 1646 . . 251 155 . 194 . 304 185 307 1147 . 45 . . 147 Impact . | . . . . . . . . . . . . . . . . . . . . . . . . . Slashing 3816 | . . . . . . . 185 66 1347 . 478 659 110 . . . . . . . . 859 83 29 Piercing . | . . . . . . . . . . . . . . . . . . . . . . . . . Highest Corruption 22 | . 4 4 . . . . . . 2 . 1 8 8 9 9 9 9 9 9 9 22 3 3 3 Average Corruption 5 | . 1 4 . . . . . . 2 . 1 3 8 8 9 9 4 9 9 5 14 1 3 3 Corruption Purged 9 | . . . . . . . . . . . . . . . . . . . . 9 . . . . Effects 449 | . 9 23 . . . . . . 12 . 10 82 30 44 3 25 28 81 19 79 2 1 1 . Message Errors 109 | . 2 5 . . . . . . 6 . 5 22 7 11 1 8 4 16 3 17 1 . 1 . Matter Fused 98 | . 1 7 . . . . . . . . . 19 10 8 . 5 8 20 2 18 . . . . Heat Flow Errors 47 | . . 2 . . . . . . 2 . . 9 2 8 1 5 2 5 2 9 . . . . Energy Discharges 54 | . . 3 . . . . . . . . 2 9 6 6 . . 2 9 4 13 . . . . Parts Rejected 1 | . . . . . . . . . . . . . . . . . . . 1 . . . . . Data Loss (minor) 51 | . 1 2 . . . . . . 4 . 1 14 4 5 1 3 3 5 . 8 . . . . Data Loss (major) 12 | . . . . . . . . . . . . 2 . 2 . 1 1 2 2 2 . . . . Misfires 11 | . . . . . . . . . . . . . . 3 . 1 1 4 1 1 . . . . Misdirections 1 | . . . . . . . . . . . . . . . . . . . . . 1 . . . Targeting Errors 51 | . 5 3 . . . . . . . . 2 3 1 1 . 1 6 17 2 9 . 1 . . Weapon Failures 14 | . . 1 . . . . . . . . . 4 . . . 1 1 3 2 2 . . . . Overload Shots . | . . . . . . . . . . . . . . . . . . . . . . . . . Overflow Damage 796 | . . . . 7 . 20 . 3 357 . 55 105 . 22 . . 17 1 12 4 20 22 14 137 Projectiles 3 | . . . . . . . . 2 . . . . . . . . . 1 . . . . . . Explosions 286 | . . . . 7 . 20 . 1 35 . . . . 22 . . 17 . 12 . 8 13 14 137 Melee 507 | . . . . . . . . . 322 . 55 105 . . . . . . . 4 12 9 . . Knockbacks 20 | . 1 . 1 . . . . . . . . 1 . . . . . 16 . 1 . . . . Impact 4 | . 1 . 1 . . . . . . . . 1 . . . . . . . 1 . . . . Kinetic 15 | . . . . . . . . . . . . . . . . . . 15 . . . . . . Secondary 1 | . . . . . . . . . . . . . . . . . . 1 . . . . . . Self-Inflicted Damage 180 | . . . . 18 . 34 . 24 . . 5 . . . . 10 . . . . 89 . . . Shots 8 | . . . . 1 . 3 . 1 . . 1 . . . . 1 . . . . 1 . . . Rammed 63 | 1 2 9 7 5 . 3 3 . 7 . . 6 . . . 2 . 1 . 1 16 . . . Targets Rammed 69 | 1 2 9 7 6 . 4 3 . 8 . . 6 . . . 2 . 2 . 2 17 . . . Kicked . | . . . . . . . . . . . . . . . . . . . . . . . . . Crushed 6 | . . . . 1 . 1 . . 1 . . . . . . . . 1 . 1 1 . . . Highest Temperature 404 | 70 198 261 230 33 . 46 63 264 368 . 258 404 200 267 239 255 216 279 314 276 314 164 . 21 Average Temperature 68 | 36 62 85 46 16 . 20 17 52 102 . 42 89 81 101 131 71 55 44 80 95 106 59 . 13 Received Heat Transfer 4581 | . 156 378 297 78 . 45 243 462 555 . 300 495 36 114 . 126 36 363 300 45 279 63 147 63 Effects 6 | . . . . . . . . . 1 . . 1 . . . 1 . . . 2 1 . . . Energy Bleed 3 | . . . . . . . . . 1 . . 1 . . . 1 . . . . . . . . Interference 2 | . . . . . . . . . . . . . . . . . . . . 2 . . . . Damage (minor) 1 | . . . . . . . . . . . . . . . . . . . . . 1 . . . Siege Activations 7 | . . . . . . . . . . . . . . . . . . . . 2 5 . . . Total Turns 132 | . . . . . . . . . . . . . . . . . . . . 45 87 . . . Longest Duration 30 | . . . . . . . . . . . . . . . . . . . . 23 30 . . . Robots Corrupted 16 | . . . . . . . . 7 . . . 1 . 1 . 1 1 . 5 . . . . . Combat Hostiles 16 | . . . . . . . . 7 . . . 1 . 1 . 1 1 . 5 . . . . . Parts Fried 29 | . . . . . . 1 . 11 . . 4 1 . . . 2 2 2 6 . . . . . Impact Corruptions 2 | . . . . . . . . . . . . . . . . . . . . 1 1 . . . Robots Melted 1 | . . . . . . . . . . . . . . . . . . . . . . 1 . . Combat Hostiles 1 | . . . . . . . . . . . . . . . . . . . . . . 1 . . Parts Melted 12 | . 2 3 . . . . . . 1 . . 5 . . . . . 1 . . . . . . Heat Transferred 7012 | 148 893 666 . . . 150 . 100 . . . 2479 555 . . 100 . 867 74 . . 720 160 100 Parts Sabotaged . | . . . . . . . . . . . . . . . . . . . . . . . . . Parts Stolen 5 | . . . . . . . . . . . . . 1 1 . 3 . . . . . . . . Parts Stripped . | . . . . . . . . . . . . . . . . . . . . . . . . . Power Chain Reactions 8 | . . . . . . 3 . 3 . . . . . . . 1 . 1 . . . . . . Missiles Intercepted . | . . . . . . . . . . . . . . . . . . . . . . . . . Alert | -11 -10 -10 -9 -9 -9 -8 -8 -8 -8 -7 -7 -7 -7 -7 -7 -6 -6 -6 -6 -6 -6 -5 -5 -5 ------- Run | Scr Mat Min Mat Min Exi Min Mat Gar Mat Fac Gar Fac Low Low Dat Pro Fac Ext Cet Arc Hub Fac Gar Fac Peak Influence 1245 | 5 390 296 219 262 . 358 479 1245 633 219 653 696 . . . . 291 438 465 301 660 771 347 709 Initial 606 | . 3 126 7 48 . . 91 311 606 202 153 342 . . . . 56 100 231 98 1 144 296 168 Average 293 | 1 172 125 110 129 . 147 250 963 382 204 426 252 . . . . 97 206 273 47 306 378 322 298 Maximum Alert Level 4 | . 1 1 1 1 . 1 2 4 2 1 2 2 . . . . 1 2 2 1 2 3 1 3 Low Security (%) 44 | 100 46 82 96 82 . 50 31 . 6 . 12 50 . . . . 77 49 32 90 11 3 . 23 Level 1 32 | . 53 17 3 17 . 49 60 6 53 100 37 29 . . . . 22 39 43 9 76 54 100 58 Level 2 14 | . . . . . . . 8 13 39 . 49 20 . . . . . 10 24 . 11 37 . 9 Level 3 3 | . . . . . . . . 31 . . . . . . . . . . . . . 4 . 7 Level 4 4 | . . . . . . . . 47 . . . . . . . . . . . . . . . . Level 5 . | . . . . . . . . . . . . . . . . . . . . . . . . . High Security . | . . . . . . . . . . . . . . . . . . . . . . . . . Max Security . | . . . . . . . . . . . . . . . . . . . . . . . . . Squads Dispatched 50 | . 4 . 2 . . . 5 . 7 1 . 9 . . . . 5 3 1 . 10 2 . 1 Investigation 15 | . 2 . . . . . 2 . . 1 . 2 . . . . 2 1 1 . 2 1 . 1 Extermination 9 | . . . . . . . . . . . . 5 . . . . 2 . . . 1 1 . . Reinforcement 15 | . 2 . 2 . . . 1 . 4 . . 1 . . . . 1 2 . . 2 . . . Assault 4 | . . . . . . . . . 2 . . 1 . . . . . . . . 1 . . . Garrison 7 | . . . . . . . 2 . 1 . . . . . . . . . . . 4 . . . Intercept . | . . . . . . . . . . . . . . . . . . . . . . . . . Construction Impeded 3 | . . . . . . . . . 1 . . . . . . . 1 1 . . . . . . Haulers Reinforced 1 | . . . . . . . . . . . . . . . . . . . . . 1 . . . Stealth | -11 -10 -10 -9 -9 -9 -8 -8 -8 -8 -7 -7 -7 -7 -7 -7 -6 -6 -6 -6 -6 -6 -5 -5 -5 --------- Run | Scr Mat Min Mat Min Exi Min Mat Gar Mat Fac Gar Fac Low Low Dat Pro Fac Ext Cet Arc Hub Fac Gar Fac Distress Signals 22 | . 1 . 4 . . . 1 . . . . 3 . . . . . 4 2 . 3 1 . 3 Communications Jammed . | . . . . . . . . . . . . . . . . . . . . . . . . . Distress Signals . | . . . . . . . . . . . . . . . . . . . . . . . . . Times Spotted 534 | . 32 13 28 18 . 17 45 35 57 . 23 50 5 10 . 12 11 39 18 15 54 15 20 17 Peak Tracking Total 18 | . 8 3 3 4 . 4 8 5 5 . 5 3 1 4 . 4 3 7 6 1 16 4 18 10 Tactical Retreats 41 | . 2 1 . . . 1 4 9 3 . 5 . . . . . 1 4 . . 2 3 2 4 Traps | -11 -10 -10 -9 -9 -9 -8 -8 -8 -8 -7 -7 -7 -7 -7 -7 -6 -6 -6 -6 -6 -6 -5 -5 -5 ------- Run | Scr Mat Min Mat Min Exi Min Mat Gar Mat Fac Gar Fac Low Low Dat Pro Fac Ext Cet Arc Hub Fac Gar Fac Traps Triggered 46 | . 4 . . . . . 2 14 1 . 4 5 . . . . 6 6 . . 1 1 2 . Indirectly 3 | . . . . . . . . 3 . . . . . . . . . . . . . . . . Trap Hack Attempts . | . . . . . . . . . . . . . . . . . . . . . . . . . Triggered . | . . . . . . . . . . . . . . . . . . . . . . . . . Disarmed 3 | . . . . . . . . . . . . . . . . . . 3 . . . . . . Reprogrammed 4 | . . . . . . . . . . . . . . . . . . 4 . . . . . . Reused . | . . . . . . . . . . . . . . . . . . . . . . . . . Traps Reconfigurated 15 | . . . . . . . . . . 1 5 9 . . . . . . . . . . . . Traps Extracted . | . . . . . . . . . . . . . . . . . . . . . . . . . Installed . | . . . . . . . . . . . . . . . . . . . . . . . . . Triggered 2 | . . . . . . . . 1 . . . . . . . 1 . . . . . . . . Exploded 1 | . . . . . 1 . . . . . . . . . . . . . . . . . . . Machines | -11 -10 -10 -9 -9 -9 -8 -8 -8 -8 -7 -7 -7 -7 -7 -7 -6 -6 -6 -6 -6 -6 -5 -5 -5 ---------- Run | Scr Mat Min Mat Min Exi Min Mat Gar Mat Fac Gar Fac Low Low Dat Pro Fac Ext Cet Arc Hub Fac Gar Fac Machines Disabled 58 | . . . 1 3 . 1 . 6 1 1 5 6 . . . . 5 . . 4 5 . . 20 Max in Single Turn 6 | . . . 1 1 . 1 . 1 1 1 1 2 . . . . 3 . . 2 4 . . 6 Garrison Access 5 | . . . . . . . . . 1 . . 2 . . . . . . . . 2 . . . Garrison Relay 9 | . . . . . . . . 5 . . 4 . . . . . . . . . . . . . Network Hub 1 | . . . . . . . . . . . . . . . . . . . . . 1 . . . Machines Sabotaged 1 | . . . . . . . . . . . . . . . . . . . . . . . . 1 Garrisons Compromised . | . . . . . . . . . . . . . . . . . . . . . . . . . Overloaded Fab Kills . | . . . . . . . . . . . . . . . . . . . . . . . . . Fab Network Shutdowns 1 | . . . . . . . . . . . . . . . . . . . . . . 1 . . Hacking | -11 -10 -10 -9 -9 -9 -8 -8 -8 -8 -7 -7 -7 -7 -7 -7 -6 -6 -6 -6 -6 -6 -5 -5 -5 --------- Run | Scr Mat Min Mat Min Exi Min Mat Gar Mat Fac Gar Fac Low Low Dat Pro Fac Ext Cet Arc Hub Fac Gar Fac Machines Accessed 103 | . 7 . 8 . 1 . 8 . 9 1 . 20 . 2 4 . 8 12 3 1 10 7 . 2 Terminals 66 | . 5 . 5 . . . 4 . 8 . . 11 . . . . 4 12 3 . 8 4 . 2 Fabricators 5 | . . . . . . . . . . . . 2 . . . . 2 . . . . 1 . . Repair Stations 10 | . . . 2 . . . 2 . . . . 3 . . . . 2 . . . . 1 . . Recycling Units 7 | . 2 . 1 . . . 1 . 1 . . 2 . . . . . . . . . . . . Scanalyzers . | . . . . . . . . . . . . . . . . . . . . . . . . . Garrison Access 7 | . . . . . . . 1 . . 1 . 2 . . . . . . . . 2 1 . . Total Hacks 373 | . 23 . 33 . 1 . 26 . 33 3 . 41 . 2 28 . 29 51 10 11 37 37 . 8 Successful 210 | . 11 . 20 . 1 . 17 . 17 1 . 17 . 2 28 . 15 25 4 11 20 18 . 3 Failed 159 | . 11 . 12 . . . 9 . 16 2 . 23 . . . . 14 26 5 . 17 19 . 5 Catastrophic 29 | . 2 . . . . . 2 . 3 . . 5 . . . . 2 6 . . 4 4 . 1 Database Lockouts 4 | . 1 . 1 . . . . . . . . 1 . . . . . . 1 . . . . . Manual 217 | . 16 . 15 . 1 . 17 . 31 2 . 21 . . . . 12 42 8 . 27 18 . 7 Terminals 247 | . 18 . 22 . . . 18 . 30 . . 25 . . . . 11 51 10 . 27 27 . 8 Fabricators 20 | . . . . . . . . . . . . 4 . . . . 10 . . . . 6 . . Repair Stations 33 | . . . 9 . . . 6 . . . . 7 . . . . 8 . . . . 3 . . Recycling Units 14 | . 5 . 2 . . . 1 . 3 . . 3 . . . . . . . . . . . . Scanalyzers . | . . . . . . . . . . . . . . . . . . . . . . . . . Garrison Access 17 | . . . . . . . 1 . . 3 . 2 . . . . . . . . 10 1 . . Terminal Hacks 107 | . 7 . 7 . 1 . 7 . 9 . . 3 . 2 28 . . 13 3 11 8 7 . 1 Record 23 | . . . . . . . . . . . . . . . 11 . . . 1 11 . . . . Part Schematic 17 | . . . . . . . 4 . 1 . . . . . 7 . . 3 . . 1 1 . . Robot Schematic 7 | . . . . . . . . . . . . . . . 7 . . . . . . . . . Robot Analysis 11 | . 2 . 1 . . . . . 3 . . 1 . . . . . 2 2 . . . . . Prototype ID Bank 3 | . . . . . . . . . . . . . . . 3 . . . . . . . . . Open Door 3 | . . . . . . . . . . . . . . 2 . . . 1 . . . . . . Level Access Points 2 | . . . . . . . . . 1 . . . . . . . . . . . . 1 . . Branch Access Points 3 | . 1 . 1 . . . . . . . . 1 . . . . . . . . . . . . Emergency Access Points 1 | . . . 1 . . . . . . . . . . . . . . . . . . . . . Machine Index 2 | . . . . . . . 1 . . . . . . . . . . 1 . . . . . . Terminal Index 1 | . . . . . . . . . . . . . . . . . . . . . . 1 . . Fabricator Index 1 | . . . . . . . . . . . . . . . . . . . . . 1 . . . Garrison Index 1 | . . . . . . . . . . . . . . . . . . . . . 1 . . . Alert Level 1 | . . . 1 . . . . . . . . . . . . . . . . . . . . . Unreport Threat 7 | . . . . . . . . . 2 . . . . . . . . 1 . . 2 2 . . Locate Traps 4 | . 1 . 1 . . . . . . . . . . . . . . 1 . . . 1 . . Disarm Traps 1 | . . . . . . . . . . . . . . . . . . 1 . . . . . . Reprogram Traps 2 | . . . . . . . . . . . . . . . . . . 2 . . . . . . Recall Investigation 1 | . . . . . . . . . . . . . . . . . . . . . . 1 . . Hauler Manifests 4 | . 1 . 1 . . . 1 . . . . . . . . . . . . . . . . 1 Registered Components 2 | . 1 . 1 . . . . . . . . . . . . . . . . . . . . . Zone Layout 9 | . 1 . . . . . 1 . 2 . . 1 . . . . . 1 . . 3 . . . EX-Prototype ID Bank 1 | . . . . . 1 . . . . . . . . . . . . . . . . . . . Fabricator Hacks 9 | . . . . . . . . . . . . 3 . . . . 3 . . . . 3 . . Network Status 1 | . . . . . . . . . . . . . . . . . 1 . . . . . . . Load Schematic 4 | . . . . . . . . . . . . 1 . . . . 2 . . . . 1 . . Build 4 | . . . . . . . . . . . . 2 . . . . . . . . . 2 . . Repair Station Hacks 28 | . . . 8 . . . 4 . . . . 6 . . . . 7 . . . . 3 . . Scan Component 14 | . . . 4 . . . 2 . . . . 3 . . . . 4 . . . . 1 . . Repair 13 | . . . 4 . . . 2 . . . . 3 . . . . 3 . . . . 1 . . Refit 1 | . . . . . . . . . . . . . . . . . . . . . . 1 . . Recycling Unit Hacks 5 | . 1 . 1 . . . 1 . 1 . . 1 . . . . . . . . . . . . Retrieve Components 5 | . 1 . 1 . . . 1 . 1 . . 1 . . . . . . . . . . . . Scanalyzer . | . . . . . . . . . . . . . . . . . . . . . . . . . Garrison Access Hacks 7 | . . . . . . . 1 . . 1 . 2 . . . . . . . . 2 1 . . Unlock Access 4 | . . . . . . . 1 . . 1 . . . . . . . . . . 1 1 . . Seal Access 3 | . . . . . . . . . . . . 2 . . . . . . . . 1 . . . Unauthorized Hacks 54 | . 3 . 4 . . . 4 . 7 . . 2 . . . . 5 12 1 . 10 4 . 2 Terminals 47 | . 2 . 4 . . . 4 . 6 . . 2 . . . . 4 12 1 . 6 4 . 2 Track 5 | . . . . . . . . . . . . . . . . . . 2 . . 2 1 . . Assimilate 6 | . . . . . . . 1 . 3 . . 1 . . . . . . . . 1 . . . Botnet 29 | . 2 . 3 . . . 3 . 3 . . 1 . . . . 3 9 . . 3 2 . . Detonate 1 | . . . . . . . . . . . . . . . . . . . . . . . . 1 Disrupt 1 | . . . 1 . . . . . . . . . . . . . . . . . . . . . Operators 3 | . . . . . . . . . . . . . . . . . 1 1 . . . 1 . . Sabotage 2 | . . . . . . . . . . . . . . . . . . . 1 . . . . 1 Fabricators 1 | . . . . . . . . . . . . . . . . . 1 . . . . . . . Overload 1 | . . . . . . . . . . . . . . . . . 1 . . . . . . . Repair Stations . | . . . . . . . . . . . . . . . . . . . . . . . . . Recycling Units 2 | . 1 . . . . . . . 1 . . . . . . . . . . . . . . . Reject 1 | . . . . . . . . . 1 . . . . . . . . . . . . . . . Tunnel 1 | . 1 . . . . . . . . . . . . . . . . . . . . . . . Scanalyzers . | . . . . . . . . . . . . . . . . . . . . . . . . . Garrison Access 4 | . . . . . . . . . . . . . . . . . . . . . 4 . . . Reprogram 3 | . . . . . . . . . . . . . . . . . . . . . 3 . . . Watchers 1 | . . . . . . . . . . . . . . . . . . . . . 1 . . . Data Cores Recovered 2 | . . . . . . . 1 . 1 . . . . . . . . . . . . . . . Used 2 | . . . . . . . 1 . 1 . . . . . . . . . . . . . . . Hacking Detections 85 | . 6 . 9 . . . 6 . 8 1 . 17 . . . . 8 10 2 . 10 6 . 2 Full Trace Events 10 | . 1 . . . . . 2 . 1 1 . . . . . . 1 1 . . 2 1 . . Feedback Events 1 | . . . . . . . . . . . . . . . . . . . . . 1 . . . Hackware Fried 1 | . . . . . . . . . . . . . . . . . . . . . 1 . . . Feedback Blocked . | . . . . . . . . . . . . . . . . . . . . . . . . . Robot Schematics Acquired 7 | . . . . . . . . . . . . . . . 7 . . . . . . . . . Robots Built . | . . . . . . . . . . . . . . . . . . . . . . . . . Matter . | . . . . . . . . . . . . . . . . . . . . . . . . . Time . | . . . . . . . . . . . . . . . . . . . . . . . . . Total Robot Build Rating . | . . . . . . . . . . . . . . . . . . . . . . . . . Part Schematics Acquired 16 | . . . . . . . 4 . . . . . . . 7 . . 3 . . 1 1 . . Parts Built 6 | . . . . . . . . . . . . 2 . . . . . . . . . 4 . . Matter 826 | . . . . . . . . . . . . 314 . . . . . . . . . 512 . . Time 206 | . . . . . . . . . . . . 78 . . . . . . . . . 128 . . Total Part Build Rating 39 | . . . . . . . . . . . . 7 . . . . . . . . . 32 . . Parts Repaired 13 | . . . 4 . . . 2 . . . . 3 . . . . 3 . . . . 1 . . Time 470 | . . . 116 . . . 76 . . . . 100 . . . . 110 . . . . 68 . . Parts Recycled . | . . . . . . . . . . . . . . . . . . . . . . . . . Recycled Matter . | . . . . . . . . . . . . . . . . . . . . . . . . . Retrieved Matter . | . . . . . . . . . . . . . . . . . . . . . . . . . Retrieved Components 31 | . 10 . 9 . . . 10 . . . . 2 . . . . . . . . . . . . Parts Scanalyzed . | . . . . . . . . . . . . . . . . . . . . . . . . . Part Schematics Acquired . | . . . . . . . . . . . . . . . . . . . . . . . . . Parts Damaged . | . . . . . . . . . . . . . . . . . . . . . . . . . Bothacking | -11 -10 -10 -9 -9 -9 -8 -8 -8 -8 -7 -7 -7 -7 -7 -7 -6 -6 -6 -6 -6 -6 -5 -5 -5 ------------ Run | Scr Mat Min Mat Min Exi Min Mat Gar Mat Fac Gar Fac Low Low Dat Pro Fac Ext Cet Arc Hub Fac Gar Fac Used RIF Installer 2 | . . . . . . . . 1 . . 1 . . . . . . . . . . . . . Program Shield 1 | . . . . . . . . . . . 1 . . . . . . . . . . . . . Robots Hacked 23 | . . . . . . . . 2 8 . 8 2 1 . . . . . 1 . . 1 . . Non-combat 5 | . . . . . . . . . 2 . . 2 . . . . . . . . . 1 . . Combat 18 | . . . . . . . . 2 6 . 8 . 1 . . . . . 1 . . . . . Robot Hacks Applied 30 | . . . . . . . . 2 11 . 8 6 1 . . . . . 1 . . 1 . . parse_system 3 | . . . . . . . . . 2 . . . . . . . . . 1 . . . . . generate_anomaly 1 | . . . . . . . . . . . . 1 . . . . . . . . . . . . purge_threat 4 | . . . . . . . . . 2 . . 2 . . . . . . . . . . . . find_terminals 1 | . . . . . . . . . . . . 1 . . . . . . . . . . . . reprogram_traps 1 | . . . . . . . . . . . . 1 . . . . . . . . . . . . map_route 2 | . . . . . . . . . . . . 1 . . . . . . . . . 1 . . find_shortcuts 1 | . . . . . . . . . . . 1 . . . . . . . . . . . . . find_garrison 1 | . . . . . . . . . 1 . . . . . . . . . . . . . . . link_complan 1 | . . . . . . . . . . . 1 . . . . . . . . . . . . . go_dormant 1 | . . . . . . . . . . . 1 . . . . . . . . . . . . . overwrite_iff 7 | . . . . . . . . . 4 . 3 . . . . . . . . . . . . . streamctrl_low 1 | . . . . . . . . . 1 . . . . . . . . . . . . . . . formatsys_high 6 | . . . . . . . . 2 1 . 2 . 1 . . . . . . . . . . . Relay Couplers Released 41 | . . . . . . . . 20 2 . 15 . . . . . . . . . 1 3 . . Machine Destruction 38 | . . . . . . . . 20 2 . 15 . . . . . . . . . 1 . . . Programmers 3 | . . . . . . . . . . . . . . . . . . . . . . 3 . . Attached 11 | . . . . . . . . 1 3 . 3 2 1 . . . . . . . . 1 . . Robots Rewired 19 | . . . . . . . . . . . . . . . . . . 19 . . . . . . Allies Hacked . | . . . . . . . . . . . . . . . . . . . . . . . . . Hacks Repelled . | . . . . . . . . . . . . . . . . . . . . . . . . . Allies | -11 -10 -10 -9 -9 -9 -8 -8 -8 -8 -7 -7 -7 -7 -7 -7 -6 -6 -6 -6 -6 -6 -5 -5 -5 -------- Run | Scr Mat Min Mat Min Exi Min Mat Gar Mat Fac Gar Fac Low Low Dat Pro Fac Ext Cet Arc Hub Fac Gar Fac Total Allies 51 | . . . . 3 . . . 2 8 . 5 . 1 . . 1 . 28 . . 3 . . . Largest Group 17 | . . . . 3 1 1 1 2 3 1 1 . 1 1 . 1 . 17 17 . 2 . . . Highest-Rated Group 477 | . . . . 40 16 16 16 32 42 10 32 . 32 32 . 94 . 477 477 . 64 . . . Highest-Rated Ally 156 | . . . . 16 16 16 16 16 16 10 32 . 32 32 . 94 . 156 37 . 32 . . . Total Orders 8 | . . . . . . . . . 6 . 2 . . . . . . . . . . . . . STAY 4 | . . . . . . . . . 3 . 1 . . . . . . . . . . . . . FOLLOW 4 | . . . . . . . . . 3 . 1 . . . . . . . . . . . . . Ally Attacks 350 | . . . . 10 . 15 2 . 46 . 18 . 13 5 . 8 . 144 67 . 22 . . . Total Damage 7817 | . . . . 115 . 120 15 . 595 . 456 . 187 229 . 227 . 3384 1543 . 946 . . . Kills 65 | . . . . 3 . 3 1 . 5 . 3 . 3 1 . 2 . 27 7 . 10 . . . Allies Corrupted . | . . . . . . . . . . . . . . . . . . . . . . . . . Allies Melted . | . . . . . . . . . . . . . . . . . . . . . . . . . Intel | -11 -10 -10 -9 -9 -9 -8 -8 -8 -8 -7 -7 -7 -7 -7 -7 -6 -6 -6 -6 -6 -6 -5 -5 -5 ------- Run | Scr Mat Min Mat Min Exi Min Mat Gar Mat Fac Gar Fac Low Low Dat Pro Fac Ext Cet Arc Hub Fac Gar Fac Robot Analysis Total 11 | . 2 . 1 . . . . . 3 . . 1 . . . . . 2 2 . . . . . Derelict Logs Recovered 8 | . . 2 . 2 . . . . . . . . 1 1 . 2 . . . . . . . . Drone Launches . | . . . . . . . . . . . . . . . . . . . . . . . . . Drone Recoveries . | . . . . . . . . . . . . . . . . . . . . . . . . . Exploration | -11 -10 -10 -9 -9 -9 -8 -8 -8 -8 -7 -7 -7 -7 -7 -7 -6 -6 -6 -6 -6 -6 -5 -5 -5 ------------- Run | Scr Mat Min Mat Min Exi Min Mat Gar Mat Fac Gar Fac Low Low Dat Pro Fac Ext Cet Arc Hub Fac Gar Fac Turns Passed 32537 | 114 1130 961 1727 1224 409 1078 1493 2914 2176 226 2060 4433 976 1162 158 667 1601 1990 556 2950 1601 691 98 142 Spaces Moved 14736 | 57 529 484 741 630 214 565 599 1345 962 118 923 2087 508 578 84 304 742 814 234 228 754 803 143 290 Core 277 | 3 . . . . . . . . . . . . . . . . . . . . 16 129 42 87 Treads 13481 | 54 529 484 741 630 214 565 599 1345 962 118 923 2087 508 578 84 304 742 814 234 228 738 . . . Legs . | . . . . . . . . . . . . . . . . . . . . . . . . . Wheels . | . . . . . . . . . . . . . . . . . . . . . . . . . Hover . | . . . . . . . . . . . . . . . . . . . . . . . . . Flight 978 | . . . . . . . . . . . . . . . . . . . . . . 674 101 203 Fastest Speed 30 | 50 160 160 160 180 180 180 180 180 175 180 180 180 183 183 183 183 180 180 180 180 50 31 37 30 Average Speed 167 | 154 160 168 179 180 180 180 180 180 177 180 184 182 183 185 183 183 180 180 180 180 177 36 42 40 Slowest Speed 270 | 160 160 180 180 180 180 180 180 180 200 180 203 183 183 270 183 183 183 240 180 180 180 50 150 50 Overloaded Moves 18 | . . . . . . . . . . . . . . . . . . . . . . . . 18 Propulsion Burnouts . | . . . . . . . . . . . . . . . . . . . . . . . . . Robots Hopped 8 | . . . . . . . . . . . . . . . . . . . . . . . 7 1 Cave-ins Triggered . | . . . . . . . . . . . . . . . . . . . . . . . . . Exploration Rate (%) 61 | 5 87 97 66 97 60 97 60 85 73 5 94 53 66 61 69 62 20 86 69 98 66 13 41 13 Regions Visited 24 Branch Regions 12 Pre-discovered Areas 3 | . 1 1 . . . . . . . . . . . . 1 . . . . . . . . . Known Exits Taken 16 | . 1 . 1 . . . 1 . 1 1 . 1 1 1 1 1 1 1 1 1 1 1 . . Unknown Exits Taken 5 | 1 . 1 . 1 1 1 . . . . . . . . . . . . . . . . . . Scrap Searched 12 | . . 3 . 1 . 2 . . . . . . 2 3 . 1 . . . . . . . . Spaces Dug 90 | . 12 . . . . 5 5 . 14 2 . 25 2 11 . 6 2 . . . . 6 . . Terrain Destroyed 705 | . 12 . . 35 . 58 27 16 65 2 . 32 2 47 . 6 12 48 6 32 192 47 17 49 Melee 46 | . . . . . . . 5 . 4 2 . 25 2 1 . . 1 . . . . 6 . . Projectile 125 | . 12 . . . . . . . . . . 5 . . . 1 1 33 6 32 32 3 . . AOE 534 | . . . . 35 . 58 22 16 61 . . 2 . 46 . 5 10 15 . . 160 38 17 49 Terrain Rammed . | . . . . . . . . . . . . . . . . . . . . . . . . . Walls Destroyed . | . . . . . . . . . . . . . . . . . . . . . . . . . Machines Disabled . | . . . . . . . . . . . . . . . . . . . . . . . . . Actions | -11 -10 -10 -9 -9 -9 -8 -8 -8 -8 -7 -7 -7 -7 -7 -7 -6 -6 -6 -6 -6 -6 -5 -5 -5 --------- Run | Scr Mat Min Mat Min Exi Min Mat Gar Mat Fac Gar Fac Low Low Dat Pro Fac Ext Cet Arc Hub Fac Gar Fac Total 20594 | 73 665 556 1012 680 239 597 852 1638 1275 126 1137 2524 537 634 89 375 954 1141 323 2678 902 1112 170 305 Wait 3662 | . 23 8 156 10 17 4 129 49 163 . 28 217 2 8 . 32 122 50 12 2384 55 189 . 4 Move 14698 | 56 528 483 740 629 213 564 598 1343 961 117 922 2086 507 577 83 303 741 813 233 227 753 802 131 288 Hop 5 | . . . . . . . . . . . . . . . . . . . . . . . 4 1 Pick Up 161 | 3 14 6 13 3 3 . 8 19 11 2 14 11 1 5 . 6 7 11 10 6 3 4 . 1 Fast Attach 131 | 6 2 2 7 . . . 4 7 3 . 5 9 3 3 3 2 18 12 5 6 4 25 2 3 Attach 66 | . 2 7 3 1 . . . 5 6 2 3 3 . 4 . . 3 4 5 1 8 6 1 2 Detach 14 | . . . 1 . . . . 1 1 . 2 . . . . . 1 1 1 . 1 2 3 . Swap 305 | . 10 1 7 10 2 8 20 15 30 2 40 75 9 11 . 5 23 18 10 4 5 . . . Drop 206 | . 5 . 15 4 4 . 14 20 9 . 20 28 4 3 3 4 13 15 12 8 8 11 5 1 Fire 823 | 7 79 40 63 17 . 17 65 77 48 . 49 48 3 22 . 21 25 97 35 40 47 21 1 1 Melee 270 | . . . . . . . 11 79 34 3 52 41 8 1 . . 1 . . . . 34 2 4 Ram 1 | . . . . . . . . . . . . . . . . . . . . . 1 . . . Kick . | . . . . . . . . . . . . . . . . . . . . . . . . . Crush 69 | 1 2 9 7 6 . 4 3 . 8 . . 6 . . . 2 . 2 . 2 17 . . . Escape Stasis 71 | . . . . . . . . 21 . . . . . . . . . 11 . . . 18 21 . Rewire 112 | . . . . . . . . 2 1 . 2 . . . . . . 107 . . . . . . Trap . | . . . . . . . . . . . . . . . . . . . . . . . . . Miscellaneous . | . . . . . . . . . . . . . . . . . . . . . . . . . Route ------- -11/Scrapyard -10/Materials (discovered 2 exits: *Mat / *Min) -10/Mines (discovered 2 exits: *Mat x2) -9/Materials (discovered 5 exits: *Mat x2 / *Min x2 / Sto) -9/Mines (discovered 3 exits: *Mat x2 / *Exi) -9/Exiles (discovered 2 exits: [*Min x2]) -8/Mines (discovered 2 exits: *Mat x2) -8/Materials (discovered 4 exits: *Fac x3 / Gar) -8/Garrison (discovered 3 exits: *Mat x3) -8/Materials (discovered 3 exits: *Fac x3) -7/Factory -7/Garrison (discovered 3 exits: *Fac x3) -7/Factory (discovered 5 exits: *Fac x3 / *Low x2) -7/Lower Caves -7/Lower Caves -7/Data Miner -6/Proximity Caves -6/Factory (discovered 4 exits: *Fac / Low / *Ext x2) -6/Extension (discovered 3 exits: *Fac x2 / *Cet) -6/Cetus (discovered 2 exits: *Fac / *Arc) -6/Archives (discovered 3 exits: *Fac / *Hub x2) -6/Hub_04(d) (discovered 4 exits: *Fac x4) -5/Factory (discovered 5 exits: Fac x4 / Gar) -5/Garrison -5/Factory History --------- Turn | Location | Event 2 | -11/Scrapyard | Met Revision 17 43 | -11/Scrapyard | Discovered new exit (range 15) 115 | -11/Scrapyard | Entered Materials 307 | -10/Materials | Build established: Mutant 618 | -10/Materials | Destroyed 8 combat bots 626 | -10/Materials | Discovered new exit (range 8) 984 | -10/Materials | Identified exit to Mines 994 | -10/Materials | Central database locked down 1035 | -10/Materials | Discovered new exit (range 16) 1245 | -10/Materials | Entered Mines 1306 | -10/Mines | Learned Materials security intel 1489 | -10/Mines | Discovered new exit (range 9) 1783 | -10/Mines | Core integrity fell below 50% 1834 | -10/Mines | A weapon hastily lodged in a ceiling crevice suddenly fell to the ground 1852 | -10/Mines | Lost 4 parts (1p1n2w) 2027 | -10/Mines | Core integrity fell below 20% 2097 | -10/Mines | Learned location of Zion (-6) 2135 | -10/Mines | Discovered new exit (range 12) 2206 | -10/Mines | Entered Materials 2206 | -9/Materials | Evolved 2 slots: Utility x1, Weapon x1 2310 | -9/Materials | Repaired Lgt. Treads 2374 | -9/Materials | Identified exit to Mines 2374 | -9/Materials | Identified exit to Storage 2537 | -9/Materials | Build established: Tank 2667 | -9/Materials | Central database locked down 3004 | -9/Materials | Repaired Lgt. Treads 3043 | -9/Materials | Repaired Deuterium Engine 3071 | -9/Materials | Repaired Lgt. Treads 3327 | -9/Materials | Discovered new exit (range 9) 3580 | -9/Materials | Discovered new exit (range 16) 3933 | -9/Materials | Entered Mines 3968 | -9/Mines | Learned 8 Materials zone layouts 3994 | -9/Mines | Met a Derelict bent on vengeance 4139 | -9/Mines | Deemed a non-threat by the Exiles lab entrance 4140 | -9/Mines | Discovered new exit (range 5) 4198 | -9/Mines | Found a damaged Exp. Sensor Array with a note attached 4202 | -9/Mines | Found Prototype Device 4381 | -9/Mines | Discovered new exit (range 16) 4513 | -9/Mines | Assisted by bots powering up and referring to "LRC-V3" 4786 | -9/Mines | Discovered new exit (range 6) 4872 | -9/Mines | Received a Rocket Launcher from a helpful Derelict 5010 | -9/Mines | Joined a pair of Derelicts in attacking an 0b10 outpost 5157 | -9/Mines | Entered Exiles 5157 | -9/Exiles | Accompanied by 1 ally 5181 | -9/Exiles | Discovered new exit (range 15) 5206 | -9/Exiles | Met 8R-AWN 5233 | -9/Exiles | Met EX-HEX 5282 | -9/Exiles | Met EX-BIN 5301 | -9/Exiles | Aligned with FarCom system 5303 | -9/Exiles | Given EX-Vault access code 5346 | -9/Exiles | Opened EX-Vault 5362 | -9/Exiles | Found YOLO Cannon 5365 | -9/Exiles | Found Trap Reconfigurator 5371 | -9/Exiles | Found AWS/Thermal 5410 | -9/Exiles | Warned to stay clear of 0b10 Research branches 5427 | -9/Exiles | Exiles lab attacked by MAIN.C 5527 | -9/Exiles | Discovered new exit (range 12) 5566 | -9/Exiles | Stole three prototypes: Trap Reconfigurator, AWS/Thermal, YOLO Cannon 5566 | -9/Exiles | Entered Mines 5566 | -8/Mines | Accompanied by 1 ally 5697 | -8/Mines | Discovered new exit (range 8) 5863 | -8/Mines | Build established: Skirmisher 5960 | -8/Mines | Discovered new exit (range 9) 6644 | -8/Mines | Entered Materials 6644 | -8/Materials | Accompanied by 1 ally 6644 | -8/Materials | Evolved 2 slots: Propulsion x1, Utility x1 6645 | -8/Materials | Identified exit to Factory 7334 | -8/Materials | Repaired Imp. Assault Rifle 7658 | -8/Materials | Repaired Imp. Assault Rifle 7954 | -8/Materials | Build established: Hauler-Skirmisher 8031 | -8/Materials | Garrison activated, responded to threat 8124 | -8/Materials | Identified exit to Garrison 8137 | -8/Materials | Entered Garrison 8184 | -8/Garrison | Triggered checkpoint 8332 | -8/Garrison | Triggered checkpoint 8469 | -8/Garrison | Discovered new exit (range 8) 8485 | -8/Garrison | Build established: Hauler-Mutant 8548 | -8/Garrison | Triggered checkpoint 8631 | -8/Garrison | Discovered new exit (range 9) 8809 | -8/Garrison | Spotted B-75 Beast 8842 | -8/Garrison | Triggered checkpoint 8940 | -8/Garrison | Discovered new exit (range 15) 8974 | -8/Garrison | Installed Relay Interface Framework 9061 | -8/Garrison | Garrison Relay disabled 9084 | -8/Garrison | Destroyed B-75 Beast 9438 | -8/Garrison | Triggered checkpoint 9483 | -8/Garrison | Garrison Relay disabled 9633 | -8/Garrison | Triggered checkpoint 9661 | -8/Garrison | Garrison Relay disabled 9783 | -8/Garrison | Build established: Scavenger-Mutant 9956 | -8/Garrison | Triggered checkpoint 10006 | -8/Garrison | Garrison Relay disabled 10477 | -8/Garrison | Garrison Relay disabled 10788 | -8/Garrison | Build established: Hauler-Mutant 11051 | -8/Garrison | Entered Materials 11051 | -8/Materials | Accompanied by 2 allies 11168 | -8/Materials | Build established: Bothacker-Mutant 11451 | -8/Materials | First assault squad dispatched 11786 | -8/Materials | Build established: Bothacker-Skirmisher 11836 | -8/Materials | Discovered exit to Factory (range 13) 12642 | -8/Materials | Garrison activated, responded to threat 13227 | -8/Materials | Entered Factory 13227 | -7/Factory | Accompanied by 1 ally 13227 | -7/Factory | Evolved 2 slots: Utility x2 13229 | -7/Factory | FarCom data flow suspended 13260 | -7/Factory | Identified Exp. Sensor Array 13358 | -7/Factory | Build established: Hauler-Mutant 13451 | -7/Factory | Identified exit to Garrison 13453 | -7/Factory | Entered Garrison 13453 | -7/Garrison | Accompanied by 1 ally 13486 | -7/Garrison | Triggered checkpoint 13596 | -7/Garrison | Garrison Relay disabled 13782 | -7/Garrison | Triggered checkpoint 13896 | -7/Garrison | Triggered checkpoint 14029 | -7/Garrison | Discovered new exit (range 12) 14052 | -7/Garrison | Identified exit to Factory 14065 | -7/Garrison | Expanded RIF knowledge: Program Shield 14142 | -7/Garrison | Triggered checkpoint 14249 | -7/Garrison | Garrison Relay disabled 14468 | -7/Garrison | Triggered checkpoint 14488 | -7/Garrison | Garrison Relay disabled 14541 | -7/Garrison | Discovered exit to Factory (range 15) 14548 | -7/Garrison | Build established: Bothacker-Mutant 14908 | -7/Garrison | Triggered checkpoint 15077 | -7/Garrison | Discovered exit to Factory (range 10) 15151 | -7/Garrison | Triggered checkpoint 15188 | -7/Garrison | Garrison Relay disabled 15513 | -7/Garrison | Entered Factory 16286 | -7/Factory | Repaired Rnf. Deuterium Engine 17162 | -7/Factory | Build established: Bothacker-Skirmisher 17944 | -7/Factory | Build established: Bothacker-Mutant 17953 | -7/Factory | Discovered new exit (range 8) 17965 | -7/Factory | Identified exit to Factory 18225 | -7/Factory | Repaired Exp. Sensor Array 18246 | -7/Factory | Discovered exit to Factory (range 15) 19150 | -7/Factory | First assault squad dispatched 19358 | -7/Factory | Identified exit to Lower Caves 19438 | -7/Factory | Fabricated Lrn. Proton Cannon (x1) 19438 | -7/Factory | Fabricated Lrg. Storage Unit? 19593 | -7/Factory | Repaired Arm. Treads 19664 | -7/Factory | Central database locked down 19943 | -7/Factory | Discovered exit to Factory (range 12) 19946 | -7/Factory | Entered Lower Caves 19989 | -7/Lower Caves | Attracted the attention of an 0b10 checkpoint 20233 | -7/Lower Caves | Spotted FF-IX5(f) 20234 | -7/Lower Caves | Encountered a Master Thief 20236 | -7/Lower Caves | Allies destroyed FF-IX5(f) 20537 | -7/Lower Caves | Learned Factory security intel 20662 | -7/Lower Caves | Spotted UB-ZDE(f) 20663 | -7/Lower Caves | Encountered a Master Thief 20664 | -7/Lower Caves | Allies destroyed UB-ZDE(f) 20750 | -7/Lower Caves | Spotted HG-1Q9(f) 20751 | -7/Lower Caves | Encountered a Master Thief 20755 | -7/Lower Caves | Allies destroyed HG-1Q9(f) 20777 | -7/Lower Caves | Discovered new exit (range 11) 20808 | -7/Lower Caves | Spotted AC-5T0(f) 20809 | -7/Lower Caves | Encountered a Master Thief 20826 | -7/Lower Caves | AWS/Thermal stolen by Master Thief 20920 | -7/Lower Caves | Identified exit to Lower Caves 20922 | -7/Lower Caves | Entered another Lower Caves area 20922 | -7/Lower Caves | Accompanied by 1 ally 21211 | -7/Lower Caves | Encountered a Warlord checkpoint 21221 | -7/Lower Caves | Discovered new exit (range 11) 21375 | -7/Lower Caves | Found Prototype Device 21847 | -7/Lower Caves | Spotted B-75 Beast 21904 | -7/Lower Caves | Destroyed B-75 Beast 21908 | -7/Lower Caves | Lost 4 parts (1p2n1w) 21928 | -7/Lower Caves | Spotted XX-WRQ(f) 21929 | -7/Lower Caves | Encountered a Master Thief 21933 | -7/Lower Caves | Trap Reconfigurator stolen by Master Thief 22082 | -7/Lower Caves | Identified exit to Data Miner 22084 | -7/Lower Caves | Entered Data Miner 22084 | -7/Data Miner | Discovered new exit (range 7) 22121 | -7/Data Miner | Met Data Miner 22152 | -7/Data Miner | Learned location of Section 7 (-2) 22152 | -7/Data Miner | Acquired the access code to Warlord's prototype stash 22181 | -7/Data Miner | Received God Mode back door access code from Data Miner 22241 | -7/Data Miner | Identified exit to Proximity Caves 22242 | -7/Data Miner | Entered Proximity Caves 22266 | -6/Proximity Caves | Spotted B-75 Beast 22268 | -6/Proximity Caves | Escorted by Enhanced Grunt 22380 | -6/Proximity Caves | Spotted US-TFT(f) 22381 | -6/Proximity Caves | Encountered a Master Thief 22383 | -6/Proximity Caves | Spotted E1-NRT(f) 22384 | -6/Proximity Caves | Encountered a Master Thief 22389 | -6/Proximity Caves | Prototype Device stolen by Master Thief 22389 | -6/Proximity Caves | Nanoactuators stolen by Master Thief 22390 | -6/Proximity Caves | Allies destroyed US-TFT(f) 22457 | -6/Proximity Caves | Learned Factory terminal intel 22538 | -6/Proximity Caves | Build established: Bothacker-Skirmisher 22844 | -6/Proximity Caves | Spotted AP-GAI(f) 22845 | -6/Proximity Caves | Encountered a Master Thief 22848 | -6/Proximity Caves | Nanoactuators stolen by Master Thief 22909 | -6/Proximity Caves | Entered Factory 22909 | -6/Factory | Evolved 2 slots: Utility x2 22910 | -6/Factory | Identified exit to Lower Caves 22912 | -6/Factory | Loaded intel: 21 terminal locations 23256 | -6/Factory | Discovered new exit (range 10) 23271 | -6/Factory | Identified exit to Extension 23370 | -6/Factory | Incoming investigation squad redirected 23439 | -6/Factory | Discovered exit to Extension (range 15) 23517 | -6/Factory | Repaired Flak Gun 23563 | -6/Factory | Repaired Flak Gun 23678 | -6/Factory | Discovered new exit (range 11) 23696 | -6/Factory | Identified exit to Factory 24141 | -6/Factory | Repaired Rnf. Deuterium Engine 24218 | -6/Factory | Incoming investigation squad redirected 24510 | -6/Factory | Entered Extension 24560 | -6/Extension | Rescued a captive Derelict 24561 | -6/Extension | Rescued a captive Derelict 24685 | -6/Extension | Lost 3 parts (2u1w) 24785 | -6/Extension | Rescued a captive Derelict 24899 | -6/Extension | Rescued a captive Derelict 24911 | -6/Extension | Rescued A7 25435 | -6/Extension | Disrupted transfer network 25461 | -6/Extension | Build established: Scavenger-Tank 25544 | -6/Extension | Spotted B-75 Beast 25571 | -6/Extension | Spotted B-75 Beast 25573 | -6/Extension | Destroyed B-75 Beast 25610 | -6/Extension | Allies destroyed B-75 Beast 25735 | -6/Extension | Discovered exit to Factory (range 3) 25985 | -6/Extension | Rescued a captive Derelict 25986 | -6/Extension | Rescued a captive Derelict 26001 | -6/Extension | Incoming investigation squad redirected 26006 | -6/Extension | Rescued a captive Derelict 26006 | -6/Extension | Rescued a captive Derelict 26119 | -6/Extension | Destroyed A7 26124 | -6/Extension | Extracted ID and sensor layout for unrecognized location from A7's data core 26453 | -6/Extension | Discovered exit to Factory (range 10) 26454 | -6/Extension | Discovered new exit (range 6) 26466 | -6/Extension | Identified exit to Cetus 26500 | -6/Extension | Entered Cetus 26500 | -6/Cetus | Accompanied by 17 allies 26525 | -6/Cetus | Spotted Cetus Guard 26525 | -6/Cetus | Spotted Cetus Guard 26528 | -6/Cetus | Spotted Cetus Guard 26531 | -6/Cetus | Spotted Cetus Guard 26549 | -6/Cetus | Allies destroyed Cetus Guard 26552 | -6/Cetus | Destroyed Cetus Guard 26560 | -6/Cetus | Allies destroyed Cetus Guard 26562 | -6/Cetus | Destroyed Cetus Guard 26656 | -6/Cetus | Central database locked down 26775 | -6/Cetus | Discovered new exit (range 16) 26800 | -6/Cetus | Identified exit to Archives 26842 | -6/Cetus | Spotted Cetus Guard 26843 | -6/Cetus | Spotted Cetus Guard 26850 | -6/Cetus | Spotted Cetus Guard 26862 | -6/Cetus | Spotted Cetus Guard 26863 | -6/Cetus | Destroyed Cetus Guard 26896 | -6/Cetus | Destroyed Cetus Guard 26916 | -6/Cetus | Destroyed Cetus Guard 26930 | -6/Cetus | Destroyed Cetus Guard 26956 | -6/Cetus | Lost 3 parts (1p2w) 26962 | -6/Cetus | Discovered exit to Factory (range 16) 26971 | -6/Cetus | Met Revision 17 27056 | -6/Cetus | Entered Archives 27168 | -6/Archives | Unable to access archive contents 27217 | -6/Archives | Discovered exit to Factory (range 14) 27287 | -6/Archives | Discovered new exit (range 13) 27307 | -6/Archives | Identified exit to Hub_04(d) 28137 | -6/Archives | Build established: Scavenger-Mutant 29874 | -6/Archives | Discovered exit to Hub_04(d) (range 16) 29906 | -6/Archives | Unable to access archive contents 29922 | -6/Archives | Unable to access archive contents 29951 | -6/Archives | Unable to access archive contents 30006 | -6/Archives | Entered Hub_04(d) 30039 | -6/Hub_04(d) | Identified exit to Garrison 30149 | -6/Hub_04(d) | Discovered exit to Factory (range 16) 30329 | -6/Hub_04(d) | Garrison activated, responded to threat 30504 | -6/Hub_04(d) | Garrison activated, responded to threat 30754 | -6/Hub_04(d) | Spotted B-75 Beast 30775 | -6/Hub_04(d) | Destroyed B-75 Beast 30820 | -6/Hub_04(d) | Discovered exit to Factory (range 7) 30852 | -6/Hub_04(d) | Build established: Scavenger-Tank 30973 | -6/Hub_04(d) | Discovered exit to Factory (range 16) 31122 | -6/Hub_04(d) | Discovered exit to Factory (range 8) 31339 | -6/Hub_04(d) | Adv. System Shield fried by hacking feedback 31574 | -6/Hub_04(d) | Network Hub disabled 31576 | -6/Hub_04(d) | Spotted Lightning 31579 | -6/Hub_04(d) | Spotted Lightning 31579 | -6/Hub_04(d) | Spotted Lightning 31580 | -6/Hub_04(d) | Spotted Lightning 31581 | -6/Hub_04(d) | Spotted Lightning 31581 | -6/Hub_04(d) | Spotted Lightning 31581 | -6/Hub_04(d) | Spotted Lightning 31581 | -6/Hub_04(d) | Spotted Lightning 31583 | -6/Hub_04(d) | Spotted Lightning 31583 | -6/Hub_04(d) | Spotted Lightning 31585 | -6/Hub_04(d) | Spotted Lightning 31585 | -6/Hub_04(d) | Spotted Lightning 31591 | -6/Hub_04(d) | Core integrity fell below 50% 31593 | -6/Hub_04(d) | System corruption reached 10% 31599 | -6/Hub_04(d) | Released all parts (10) 31601 | -6/Hub_04(d) | Core integrity fell below 20% 31607 | -6/Hub_04(d) | Entered Factory 31607 | -5/Factory | Evolved 2 slots: Power x1, Propulsion x1 31624 | -5/Factory | Lost 8 parts (1p2n2u3w) 31744 | -5/Factory | Fabricated Q-thruster (x2) 31810 | -5/Factory | Local fabrication network quarantined 31811 | -5/Factory | Fabricated Q-thruster (x2) 31898 | -5/Factory | Identified exit to Factory 31965 | -5/Factory | Repaired Q-thruster 32297 | -5/Factory | Identified exit to Garrison 32298 | -5/Factory | Entered Garrison 32360 | -5/Garrison | Triggered checkpoint 32363 | -5/Garrison | Spotted B-75 Beast 32379 | -5/Garrison | Core integrity fell below 50% 32380 | -5/Garrison | Triggered checkpoint 32380 | -5/Garrison | Triggered checkpoint 32392 | -5/Garrison | Discovered new exit (range 8) 32396 | -5/Garrison | Identified exit to Factory 32396 | -5/Garrison | Entered Factory 32412 | -5/Factory | Lost 7 parts (1p2n4u) 32437 | -5/Factory | Core integrity fell below 20% 32451 | -5/Factory | Incoming investigation squad redirected 32538 | -5/Factory | Destroyed by G-50 Soldier with Heavy Laser Last Messages --------------- 9Y3XNFNJ4C: Nuclear Reactor 9TOP52W14R: Nuclear Reactor XUSM29F5H2: Nuclear Reactor JL9VQ6YM0F: Nuclear Reactor RU5ED8QN7G: Nuclear Reactor ATPOUOLM1B: Nuclear Reactor X2G0QMX4FW: Nuclear Reactor 977E91KHY8: Fusion Modulator S8UKP6J3SG: Fusion Modulator Q93ILKP9SU: Fusion Modulator 99APASL3BV: Fusion Modulator Infected machine control systems. 32521_ Nuclear Reactor explodes. 32521_ K-01 Serf collects debris. 32522_ Acquired 9 matter. 32524_ K-01 Serf collects debris. 32530_ K-01 Serf cleans the Nuclear Reactor. 32534_ Penetrated by Slug. 32534_ Critical hit. 32534_ VTOL Module destroyed. Map ----- +----------------------------------------------------+ | ?????????????????# """ """ "Y" #???? | | ?????????????????# """ """ # """ ????? | | ?????????????????# """ """ # #???? | | ?????????????????# ##############???? | | ?????????????????# """ #????????????????? | | ?????????????????# """ #????????????????? | | ?????????????????# """ #????????????????? | | ????????????????? ? ""Y"" #????????????????? | | ????????????????????""""" #????????????????? | | ?????????????????????#### #????????????????? | | ????????????????????????# #????????????????? | | ????????????????????????# #????????????????? | | ????????????????????????# #????????????????? | | ????????????????????????# #????????????????? | | ????????????????????????# #????????????????? | | ????????????????????????# #????????????????? | | ????????????????????????# #????????????????? | | ????????????????????????# #????????????????? | | ????????????????????????# #????????????????? | | ????????????????????????# #????????????????? | | ???????????????????????## ##???????????????? | | ???????????????????????# #???????????????? | | ???????????????????????# k #???????????????? | | ???????????????????????# #???????????????? | | ??????????? ####g #???????????????? | | ???????????????" "" A g @ Y #???????????????? | | ???????????????"R"" #### #???????????????? | | ????????????????"??????# #???????????????? | | ???????????????????????# #???????????????? | | ???????????????????????# k #???????????????? | | ???????????????????????### ###???????????????? | | ?????????????????????????? #?????????????????? | | ?????????????????????????? t #?????????????????? | | ?????????????????????????? #?????????????????? | | ?????????????????????????? #?????????????????? | | ?????????????????????????? #?????????????????? | | ?????????????????????????? R#?????????????????? | | ??????????????????????????? ?????????????????? | | ??????????????????????????? ?????????????????? | | ??????????????????????????? ???????????????????? | | ??????????????????????????? ?????????????????????? | | ?????????????????????????????????????????????????? | | ?????????????????????????????????????????????????? | | ?????????????????????????????????????????????????? | | ?????????????????????????????????????????????????? | | ?????????????????????????????????????????????????? | | ?????????????????????????????????????????????????? | | ?????????????????????????????????????????????????? | | ?????????????????????????????????????????????????? | | ?????????????????????????????????????????????????? | +----------------------------------------------------+ Best States ------------- Heat Dissipation 64 Energy Generation 29 Energy Capacity 450 Matter Stores 300 Matter Capacity 300 Sight Range 16 Robot Scan Range 30 Terrain Scan Density 10 Jamming Range 12 Armor Coverage 900 Resistance: EM 25 Reclamation Efficiency 20 Evasion (%) 64 Recoil Reduction 3 Offensive Hacking 26 Defensive Hacking 26 Relay Coupler Types 33 Relay Coupler Value 1 Item Schematics ----------------- Lrg. Storage Unit | -8/Materials | Hacked Hcp. Storage Unit | -8/Materials | Hacked Hacking Suite | -8/Materials | Hacked Adv. Signal Interpreter | -8/Materials | Hacked Combat Drone Bay | -7/Data Miner | Free Lgt. Regenerative Plating | -7/Data Miner | Free Exp. Flexi-carbon Leg | -7/Data Miner | Free Exp. Terrain Scan Processor | -7/Data Miner | Free Tactical Coordination Suite | -7/Data Miner | Free Exp. ECM Suite | -7/Data Miner | Free Cloaking Device | -7/Data Miner | Free Adv. Hacking Suite | -6/Extension | Hacked Adv. Coolant Injector | -6/Extension | Hacked Cmb. Airjet | -6/Extension | Hacked Hvy. Treads | -6/Hub_04(d) | Hacked Q-thruster | -5/Factory | Hacked Robot Schematics ------------------ S-27 Virus | -7/Data Miner | Free G-50 Soldier | -7/Data Miner | Free G-67 Veteran | -7/Data Miner | Free X-72 Disruptor | -7/Data Miner | Free H-66 Slayer | -7/Data Miner | Free P-70 Sage | -7/Data Miner | Free I-36 Angel | -7/Data Miner | Free Fabricated ------------ Lrg. Storage Unit | x1 | -7/Factory Lrn. Proton Cannon | x1 | -7/Factory | Preloaded Q-thruster | x2 | -5/Factory Q-thruster | x2 | -5/Factory Alien Tech Used ----------------- None Achievements -------------- None Challenges ------------ None Game ------ Seed DiametricNodeFilter Manual? 0 Play Time 04:26:02 Cumulative 100.7 hours Start 2020.10.19 @ 17:41:16 End 2020.10.19 @ 22:37:03 Sessions 1 Manual Loads 0 Difficulty Rogue Special Mode None Game No. 34 Rogue 19 Adventurer 15 Explorer 0 Win Type - Total 2 Types 0/0/1/1/0/0/0/0/0 Lore% 68 Gallery% 67 Achievement% 58 Wizard Run 0 Options --------- ASCII 0 Keyboard 0 Movement Numpad Keybinds 0 Fullscreen 1 Font 18/SmallcapsGlow Map View 76x50 Tactical HUD 1 Map Filters NONE Filters NONE Steam 1 RUN: ac55e986-66d1-426a-9e15-2740abd489c3